 Dungeon Crawl Stone Soup version 0.28-a0-984-g3775c662fe (webtiles) character file.

Game seed: 14074903661082288887

9663 oldriver the Thaumaturge (level 11, 0/79 HPs)
             Began as a Red Draconian Conjurer on Dec 4, 2021.
             Was an Elder of Vehumet.
             Killed from afar by a fire giant (33 damage)
             ... with a fireball
             ... on level 11 of the Dungeon.
             The game lasted 00:23:55 (13046 turns).

oldriver the Thaumaturge (Red Draconian Conjurer)  Turns: 13046, Time: 00:23:56

Health: 0/79       AC:  9    Str: 12    XL:     11   Next: 26%
Magic:  23/27      EV: 27    Int: 34    God:    Vehumet [****..]
Gold:   947        SH:  0    Dex:  9    Spells: 16/34 levels left

rFire   + . .      SeeInvis .   w - +9 quarterstaff "Dyirof" {flame, rElec Str+3 Int+4}
rCold   + . .      Faith    .   (shield currently unavailable)
rNeg    . . .      Spirit   .   (armour unavailable)
rPois   .          Reflect  .   (helmet restricted)
rElec   +          Harm     .   (no cloak)
rCorr   .          Rampage  .   v - +1 pair of gloves
Will    .....                   (no boots)
Stlth   ++........              e - amulet of the acrobat
HPRegen 0.23/turn               s - +6 ring of intelligence
MPRegen 0.20/turn               l - ring of protection from cold

@: acrobatic
A: breathe fire, AC +7, unfitting armour, fire resistance 1, cold-blooded
a: Breathe Fire, Renounce Religion


You were on level 11 of the Dungeon.
You worshipped Vehumet.
Vehumet was greatly pleased with you.
You visited 1 branch of the dungeon, and saw 11 of its levels.

You collected 947 gold pieces.

Inventory:

Hand Weapons
 w - the +9 quarterstaff "Dyirof" (weapon) {flame, rElec Str+3 Int+4}
   (You found it on level 7 of the Dungeon)

   It burns those it strikes, dealing additional fire damage.
   Str:       It affects your strength (+3).
   Int:       It affects your intelligence (+4).
   rElec:     It insulates you from electricity.
Armour
 v - a +1 pair of gloves (worn)
Jewellery
 a - a ring of willpower
 c - a ring of protection from fire
 e - an amulet of the acrobat (around neck)
 k - a +6 ring of intelligence
 l - a ring of protection from cold (right hand)
 s - a +6 ring of intelligence (left hand)
 z - a +6 ring of strength
 C - an amulet of guardian spirit
Wands
 b - a wand of flame (10)
 y - a wand of polymorph (7)
 A - a wand of iceblast (5)
 D - a wand of digging (2)
Scrolls
 f - a scroll of enchant weapon
 g - 2 scrolls of silence
 i - 5 scrolls of vulnerability
 n - 4 scrolls of teleportation
 p - a scroll of summoning
 r - a scroll of amnesia {unknown}
 u - 2 scrolls of fog
 x - a scroll of identify
 B - a scroll of magic mapping
Potions
 d - a potion of heal wounds
 h - 3 potions of cancellation {unknown}
 j - a potion of invisibility
 m - a potion of attraction {unknown}
 o - 3 potions of brilliance {unknown}
 q - 4 potions of mutation {unknown}
 t - a potion of flight {unknown}


   Skills:
 + Level 2.1 Fighting
 + Level 1.2 Short Blades
 + Level 0.2 Staves
 + Level 4.1 Dodging
 + Level 4.6 Stealth
 * Level 12.4 Spellcasting
 + Level 9.3 Conjurations
 + Level 0.6 Hexes
 + Level 4.4 Translocations


You had 16 spell levels left.
You knew the following spells:

 Your Spells              Type           Power      Damage    Failure   Level
a - Magic Dart            Conj           100%       1d8       1%          1
b - Searing Ray           Conj           100%       2d8       1%          2
c - Iskenderun's Mystic   Conj/Tloc      61%        2d13      1%          4
d - Fulminant Prism       Conj/Hex       26%        3d14      1%          4
e - Blink                 Tloc           100%       N/A       1%          2
f - Passwall              Tmut/Erth      17%        N/A       3%          2
g - Ignite Poison         Fire/Tmut/Pois 21%        N/A       1%          3

Your spell library contained the following spells:

 Spells                   Type           Power      Damage    Failure   Level
 Hailstorm                Conj/Ice       52%        3d12      1%          4
 Animate Skeleton         Necr           42%        N/A       1%          1
 Pain                     Necr           84%        1d8       1%          1
 Sandblast                Erth           42%        2d11      1%          1
 Dazzling Flash           Conj/Hex       100%       N/A       1%          3
 Stone Arrow              Conj/Erth      100%       3d13      1%          3
 Vampiric Draining        Necr           21%        2d7       6%          3
 Manifold Assault         Tloc           50%        N/A       10%         5
 Summon Forest            Summ/Tloc      18%        N/A       24%         5
 Eringya's Noxious Bog    Tmut/Pois      10%        N/A       58%         6
 Storm Form               Tmut/Air       10%        N/A       100%        7
 Summon Hydra             Summ           10%        N/A       100%        7


Dungeon Overview and Level Annotations

Branches:
Dungeon (11/15)            Temple (0/1) D:5            Lair (0/6) D:10
    Orc (0/2) D:9

Altars:
Ashenzari
Gozag
Ru
Uskayaw
Vehumet
Yredelemnul

Shops:
D:2 (   D:6 *

Annotations:
D:4 2 transporters, Foxy's ghost, amateur DgFE
D:9 2 transporters, browni3141's ghost, novice OpTm


Innate Abilities, Weirdness & Mutations

You can breathe blasts of fire.
Your fiery red scales are hard. (AC +7)
You cannot fit into any form of body armour.
Your flesh is heat resistant. (rF+)
You are cold-blooded and may be slowed by cold attacks.


Message History

Aim: a fire bat (moderately wounded, 74% to hit)
The searing ray hits the fire bat.
The fire bat is moderately wounded. (Press . to maintain the ray.)
The fire bat misses you.
The searing ray hits the fire bat.
The fire bat is severely wounded.
The fire bat completely misses you.
The searing ray misses the fire bat.
The fire bat completely misses you. The fire bat bites you.
You are engulfed in flames.
You resist.
The searing ray hits the fire bat!
You kill the fire bat!
Vehumet accepts your kill.
Vehumet is now extending the range of your destructive spells.
You feel your power returning.
You finish channelling your searing ray.
Something unseen opens the door.
A fire giant comes into view.
It is wielding the +7 great mace "Firestarter" {inner flame, rF++}.
A fire giant is nearby!
A fire giant is nearby!
The fire giant shouts!
The fire giant gestures at you while chanting.
The fireball explodes!
The fireball engulfs you! You resist.
Casting: Searing Ray (safe; 1% risk of failure)
Confirm with . or Enter, or press ? or * to list all spells.
Aiming: Searing Ray (safe; 1% risk of failure)
Press: ? - help, Shift-Dir - straight line, f - fire giant
Aim: a fire giant, wielding the +7 great mace "Firestarter" {inner flame, rF++} and wearing a ring of fire (96% to hit)
The searing ray hits the fire giant.
The fire giant is lightly wounded. (Press . to maintain the ray.)
The fire giant gestures at you while chanting.
The fireball explodes!
The fireball engulfs you!! You resist.
The searing ray hits the fire giant but does no damage.
The fire giant is lightly wounded.
The searing ray hits the fire giant.
The fire giant is lightly wounded.
The fire giant casts a spell at you.
The fireball explodes!
The fireball engulfs you!! You resist.
You die...

... ⌠.. . .. ..
###.###...
.........
####........
######..#........
#.<.(...#'#+#....
#......@....# #
#..C........#
#...........#
#'#####+##### ..
.


You could see a fire giant.

Vanquished Creatures
  A deep elf pyromancer (D:8)
  A cyclops (D:11)
  Sigmund (D:3)
  14 yaks
  2 fire bats (D:11)
  Eustachio (D:5)
  2 wyverns
  A warg (D:9)
  4 ice beasts
  2 sky beasts
  5 ogres
  A black bear (D:4)
  A hornet zombie (D:8)
  5 necrophages
  4 orc warriors
  8 centaurs
  A phantom (D:5)
  5 kobold brigands
  8 bullfrogs
  A wyvern zombie (D:7)
  A scorpion (D:6)
  2 water moccasin zombies
  5 killer bees
  13 wights
  4 howler monkeys
  4 centaur zombies
  3 hounds (D:5)
  3 bullfrog skeletons
  3 orc priests
  A gnoll shaman (D:8)
  2 jellies
  An iguana (D:4)
  9 orc wizards
  A killer bee zombie (D:8)
  2 howler monkey zombies (D:8)
  4 adders
  A shadow imp (D:8)
  A white imp (D:8)
  An ufetubus (D:4)
  3 worms
  4 dart slugs
  23 orcs
  4 ball pythons
  7 endoplasms
  6 giant cockroaches
  6 hobgoblins
  3 quokkas
  9 bats
  3 frilled lizards (D:2)
  7 goblins
  22 kobolds
  A rat (D:1)
  4 fulminant prisms (D:10)
231 creatures vanquished.

Vanquished Creatures (others)
  8 fulminant prisms
8 creatures vanquished.

Grand Total: 239 creatures vanquished

Notes
Turn   | Place    | Note
-------+----------+-------------------------------------------
     0 | D:1      | oldriver the Draconian Conjurer began the quest for the
                  | Orb.
     0 | D:1      | Reached XP level 1. HP: 14/14 MP: 3/3
   350 | D:1      | Reached XP level 2. HP: 20/20 MP: 1/5
  1142 | D:2      | Reached XP level 3. HP: 24/26 MP: 0/7
  1362 | D:2      | Found a faded altar of an unknown god.
  1500 | D:2      | Reached skill level 3 in Spellcasting
  1578 | D:2      | Reached XP level 4. HP: 33/33 MP: 1/9
  1935 | D:2      | Found Ydghum's Weapon Shoppe.
  2248 | D:3      | Learned a level 2 spell: Searing Ray
  2253 | D:3      | Learned a level 4 spell: Iskenderun's Mystic Blast
  2353 | D:3      | Reached skill level 4 in Spellcasting
  2629 | D:3      | Reached XP level 5. HP: 39/39 MP: 7/11
  2851 | D:3      | Noticed Sigmund
  2860 | D:3      | Killed Sigmund
  2861 | D:3      | Reached skill level 5 in Spellcasting
  2861 | D:3      | Reached XP level 6. HP: 45/46 MP: 2/13
  3175 | D:4      | Found a sacrificial altar of Ru.
  3500 | D:4      | Found a transporter.
  3520 | D:4      | Found an opulent altar of Gozag.
  3634 | D:4      | Found a radiant altar of Vehumet.
  3708 | D:4      | Became a worshipper of Vehumet
  3786 | D:4      | Found a transporter.
  3833 | D:4      | Noticed Foxy's ghost (amateur DgFE)
  4245 | D:4      | Reached skill level 6 in Spellcasting
  4245 | D:4      | Your scales start taking on a fiery red colour.
  4245 | D:4      | Reached XP level 7. HP: 27/51 MP: 3/16
  4245 | D:4      | Gained mutation: Your flesh is heat resistant. (rF+) [Red
                  | Draconian growth]
  4548 | D:5      | Entered Level 5 of the Dungeon
  5014 | D:5      | Noticed Eustachio
  5024 | D:5      | Reached skill level 1 in Short Blades
  5032 | D:5      | Killed Eustachio
  5033 | D:5      | Reached skill level 7 in Spellcasting
  5033 | D:5      | Reached skill level 5 in Conjurations
  5185 | D:5      | Reached XP level 8. HP: 55/58 MP: 13/18
  5336 | D:5      | Reached skill level 1 in Fighting
  5555 | D:5      | Found a staircase to the Ecumenical Temple.
  5757 | D:5      | Reached skill level 8 in Spellcasting
  6108 | D:6      | Learned a level 4 spell: Fulminant Prism
  6111 | D:6      | Learned a level 2 spell: Blink
  6187 | D:6      | Found a broken altar of Ashenzari.
  6371 | D:6      | Found Ividgh's Elemental Accessories.
  6610 | D:6      | Reached XP level 9. HP: 64/64 MP: 14/21
  6651 | D:6      | Found a basalt altar of Yredelemnul.
  6864 | D:7      | Identified the +9 quarterstaff "Dyirof" {flame, rElec Str+3
                  | Int+4}
  7037 | D:7      | Reached * piety under Vehumet
  7037 | D:7      | Offered knowledge of Foxfire by Vehumet.
  7038 | D:7      | Reached skill level 1 in Translocations
  7201 | D:7      | Reached skill level 9 in Spellcasting
  7757 | D:7      | Found a hide-covered altar of Uskayaw.
  8436 | D:8      | Reached skill level 10 in Spellcasting
  8750 | D:8      | Offered knowledge of Static Discharge by Vehumet.
  9176 | D:8      | Reached XP level 10. HP: 55/73 MP: 19/24
  9355 | D:8      | Reached ** piety under Vehumet
  9374 | D:8      | Noticed a deep elf pyromancer
  9709 | D:8      | Learned a level 2 spell: Passwall
 10154 | D:8      | Killed a deep elf pyromancer
 10292 | D:9      | Reached skill level 11 in Spellcasting
 10555 | D:9      | Found a staircase to the Orcish Mines.
 10619 | D:9      | Offered knowledge of Ignite Poison by Vehumet.
 10751 | D:9      | Reached *** piety under Vehumet
 11007 | D:9      | Found a transporter.
 11014 | D:9      | Noticed a six-headed hydra
 11022 | D:9      | Noticed a tengu warrior
 11199 | D:9      | Learned a level 3 spell: Ignite Poison
 11327 | D:9      | Noticed browni3141's ghost (novice OpTm)
 11708 | D:9      | Found a transporter.
 11788 | D:10     | Entered Level 10 of the Dungeon
 11806 | D:10     | Found a staircase to the Lair.
 11839 | D:10     | Offered knowledge of Hailstorm by Vehumet.
 11840 | D:10     | Reached XP level 11. HP: 58/79 MP: 22/26
 12257 | D:10     | Reached skill level 12 in Spellcasting
 13004 | D:11     | Reached **** piety under Vehumet
 13041 | D:11     | Noticed a fire giant
 13046 | D:11     | Killed from afar by a fire giant

Illustrated notes

Levels and vault maps discovered:
D:1:      wander_arrival_estate, layout_loops_ring
D:2:      layout_basic, serial_shops, shop, ebering_ecumenical_altar_hall
D:3:      layout_rooms, uniq_sigmund
D:4:      layout_basic, nicolae_vehumet_radiance, grunt_gozag_breadcrumbs,
          kennysheep_mini_moat, gammafunk_ghost_mausoleum, chequers_mini_garden
D:5:      layout_loops_corners, minmay_temple_entry_slanted,
          amcnicky_mini_pool_small, uniq_eustachio
D:6:      layout_rooms, pf_just_have_faith, nicolae_overflow_crystal_walls,
          nicolae_elemental_shop
D:7:      layout_rooms, nicolae_uskayaw_suspiria
D:8:      minmay_polygon_palace, layout_basic, nzn_random_ring
D:9:      layout_roguey, david_orc_3, nzn_ghost_randoct
D:10:     layout_roguey, lair_entry_dummy, kennysheep_generic_room_7
D:11:     minmay_firetagon, layout_irregular_city, minivault_25_ag,
          hangedman_stone_soup

Skill      XL: |  1  2  3  4  5  6  7  8  9 10 11 |
---------------+----------------------------------+-----
Dodging        | 2 3 4 |  4.1
Stealth        | 2 3 4 |  4.6
Spellcasting   | 3 4 5 6 7 8 10 11 12 | 12.4
Short Blades   | 1 |  1.2
Conjurations   | 5 6 7 9 |  9.3
Fighting       | 1 2 |  2.1
Translocations | 2 4 |  4.4
Staves         | |  0.2
Hexes          | |  0.6

Action                   |  1- 3 |  4- 6 |  7- 9 | 10-12 || total
-------------------------+-------+-------+-------+-------++-------
Melee: Dagger            |    22 |    10 |    14 |       ||    46
       Quarterstaff      |       |       |     9 |    10 ||    19
       Tailslap          |       |       |       |     3 ||     3
 Cast: Magic Dart        |    63 |   137 |   144 |   136 ||   480
       Searing Ray       |       |     3 |    52 |    49 ||   104
       Iskenderun's Myst |       |       |     3 |    15 ||    18
       Fulminant Prism   |       |       |       |    12 ||    12
  Use: Scroll            |       |       |    11 |     3 ||    14
       Potion            |       |       |     2 |       ||     2
 Stab: Sleeping          |     1 |       |       |       ||     1
Armor: Skin              |    15 |     8 |    35 |    27 ||    85
Dodge: Dodged            |    20 |    14 |    65 |    78 ||   177

Table legend: (Time is in decaauts)
 A = Elapsed time spent in this place.
 B = Non-inter-level travel time spent in this place.
 C = Inter-level travel time spent in this place.
 D = Time resting spent in this place.
 E = Time spent auto-exploring this place.
 F = Levels seen in this place.
 G = Mean time per level.
                   A        B        C        D        E       F      G
               +--------+--------+--------+--------+--------+-----+--------+
         Total |  13055 |  12778 |    277 |   3092 |   7961 |  11 | 1186.8 |
       Dungeon |  13055 |  12778 |    277 |   3092 |   7961 |  11 | 1186.8 |
               +--------+--------+--------+--------+--------+-----+--------+

Top non-repeatable levels by time:
     D:8: 2167 daAuts
     D:9: 1596 daAuts
     D:4: 1476 daAuts
     D:5: 1387 daAuts
     D:2: 1314 daAuts
     D:7: 1261 daAuts
    D:10: 1070 daAuts
     D:3: 927 daAuts
     D:1: 925 daAuts
     D:6: 788 daAuts
    D:11: 137 daAuts
